 Dungeon Crawl Stone Soup version 0.23.2-1-ga50397a6bc (webtiles) character file.

Game seed: 894305106970492297

30 Norn the Caller (level 3, -8/23 HPs)
             Began as an Octopode Summoner on May 4, 2019.
             Splashed by Ijyb's acid (9 damage)
             ... on level 2 of the Dungeon.
             The game lasted 00:05:30 (2534 turns).

Norn the Caller (Octopode Summoner)                 Turns: 2534, Time: 00:05:31

Health: -8/23      AC:  1    Str:  7    XL:     3   Next: 20%
Magic:  0/6        EV: 13    Int: 18    God:
Gold:   62         SH:  0    Dex: 12    Spells: 0/6 levels left

rFire    . . .     SeeInvis .   (no weapon)
rCold    . . .     Gourm    .   (no shield)
rNeg     . . .     Faith    .   (helmet restricted)
rPois    .         Spirit   .   (no amulet)
rElec    .         Reflect  .   (no ring)
rCorr    .         Harm     .   (no ring)
MR       .....                  (no ring)
Stlth    +++.......             (no ring)
HPRegen  0.07/turn              (no ring)
MPRegen  0.10/turn              (no ring)
                                (no ring)
                                (no ring)

@: no status effects
A: almost no armour, stealthy swim, amphibious, 8 rings, constrict 8, camouflage
1, gelatinous body 1
a: no special abilities


You were on level 2 of the Dungeon.
You were hungry.

You visited 1 branch of the dungeon, and saw 3 of its levels.

You collected 62 gold pieces.

Inventory:

Jewellery
 c - an uncursed ring of fire {unknown}
   (You found it on level 1 of the Dungeon)
Wands
 d - a wand of iceblast (9)
   (You found it on level 2 of the Dungeon)
Scrolls
 b - a scroll of enchant armour {unknown}
 f - a scroll of blinking {unknown}
 g - a scroll of enchant weapon {unknown}
 h - 2 scrolls of teleportation {unknown}
 m - a scroll of remove curse {unknown}
 n - a scroll of identify {unknown}
Potions
 a - 2 potions of curing {unknown}
 i - a potion of mutation {unknown}
 j - a potion of brilliance {unknown}
 l - 3 potions of magic {unknown}
Comestibles
 e - 4 rations {!d}


   Skills:
 + Level 1.1 Fighting
 - Level 2.0 Dodging
 - Level 2.6 Stealth
 + Level 2.3 Spellcasting
 * Level 4.5 Summonings


You couldn't memorise any spells.
You knew the following spells:

 Your Spells              Type           Power        Failure   Level  Hunger
c - Call Canine Familiar  Summ           ###.....     9%          3    ###....
f - Summon Small Mammal   Summ           ###.         2%          1    #......
x - Call Imp              Summ           ###.....     4%          2    ##.....

Your spell library contained the following spells:

 Spells                   Type           Power        Failure   Level  Hunger
 Summon Guardian Golem    Hex/Summ       ##......     21%         3    ###....
 Summon Ice Beast         Ice/Summ       ##......     56%         4    #####..
 Summon Lightning Spire   Summ/Air       ##......     56%         4    #####..


Dungeon Overview and Level Annotations

Branches:
Dungeon (3/15)

Altars:

Annotations:
D:2 Ijyb


Innate Abilities, Weirdness & Mutations

You cannot wear most types of armour.
You are very stealthy in the water. (Stealth+)
You are amphibious.
You can wear up to eight rings at the same time.
You can use your tentacles to constrict eight enemies at once.
Your skin changes colour to match your surroundings (Stealth+).
Your rubbery body absorbs attacks. (AC +1, EV +1)


Message History

You see here 17 arrows.
d - a wand of iceblast (9);
n - a scroll labeled ROOSUESCHUV Your crimson imp disappears in a puff of smoke!
You see here 15 sling bullets.
You see here a spear.
Found a ration.
e - 4 rations {!d} (gained 1) Done exploring.
Done exploring.
Done exploring.
All of the chunks of flesh in your inventory have rotted away.
There is a stone staircase leading down here.
You climb downwards.
A leopard gecko, an adder, a rat, an orc and Ijyb come into view.
The orc is wielding a +0 mace of venom.
Found a stone staircase leading down and a stone staircase leading up.
There is a stone staircase leading up here.
Here: Ijyb, wielding a +0 club, wearing a +0 leather armour and carrying a wand of acid (11) (resting)
The floor.
You climb upwards.
There is a stone staircase leading down here.
There is a stone staircase leading down here.
You are feeling hungry.
You climb downwards.
Level annotation: Ijyb A rat and an ooze come into view.
Found 13 stones and a short sword.
There is a stone staircase leading up here.
Ijyb shouts!
You hear a shout!
You hear an angry hiss.
The leopard gecko hisses angrily.
An orc comes into view. It is wielding a +0 dagger.
An orc comes into view. It is wielding a +0 club.
The ooze quivers.
Your hound disappears in a puff of smoke!
The orc closely misses you. Ijyb hits you with a +0 club.
The orc hits you but does no damage.
Your hound barely misses the orc.
You climb upwards.
Your summoned ally is left behind.
There is a stone staircase leading down here.
You don't have enough magic to cast that spell.
Okay, then.
You tentacle-slap Ijyb but do no damage.
Your grab misses Ijyb.
Ijyb screams, "Level is mine!
All mine!"
Ijyb zaps a wand.
The bolt of acid hits you!!
Ouch! That really hurt!
* * * LOW HITPOINT WARNING * * *
You are splashed with acid!
You die...

##.....##)..............
##......................#
#.....(.................#
#.............(.........#
#................########
#................#
#................#
#.......g........#
##.....o@.......##
##.....##.....##
##############


You could see Ijyb and an orc.

Vanquished Creatures
  2 giant cockroaches
  A goblin (D:1)
  4 hobgoblins
  A jackal (D:1)
  3 kobolds
  3 bats
  2 frilled lizards
16 creatures vanquished.

Vanquished Creatures (collateral kills)
  An ooze (D:1)
  4 goblins
  A jackal (D:1)
  5 bats
  4 kobolds (D:1)
15 creatures vanquished.

Grand Total: 31 creatures vanquished

Notes
Turn   | Place    | Note
-------+----------+-------------------------------------------
     0 | D:1      | Norn the Octopode Summoner began the quest for the Orb.
     0 | D:1      | Reached XP level 1. HP: 11/11 MP: 3/3
   529 | D:1      | Reached XP level 2. HP: 18/18 MP: 5/5
   536 | D:1      | Learned a level 2 spell: Call Imp
  1303 | D:1      | Reached skill level 1 in Fighting
  1476 | D:1      | Reached XP level 3. HP: 17/23 MP: 6/6
  1557 | D:1      | Learned a level 3 spell: Call Canine Familiar
  2496 | D:3      | Noticed Ijyb
  2534 | D:2      | HP: 1/23 [Ijyb/wand of acid (11) (19)]
  2534 | D:2      | Splashed by Ijyb's acid

Skill      XL: |  1  2 |
---------------+-------+-----
Fighting       | 1 |  1.1
Dodging        | |  2.0
Stealth        | |  2.6
Spellcasting   | |  2.3
Summonings     | |  4.5

Action                   || total
-------------------------++-------
Melee: Unarmed           ||    84
       Constrict         ||    18
       Tentacles         ||     9
 Cast: Summon Small Mamm ||     5
       Call Imp          ||     9
       Call Canine Famil ||     4
 Stab: Sleeping          ||     5
  Eat: Chunk             ||     2
       Ration            ||     1
Armor: Skin              ||    14
Dodge: Dodged            ||    64
